 Dungeon Crawl Stone Soup version 0.28-a0-906-g0406aca7d3 (webtiles) character file.

Game seed: 2462875550895175179

2721 Zonian the Skirmisher (level 9, -4/71 HPs)
             Began as a Demonspawn Gladiator on Nov 24, 2021.
             Was an Elder of Jiyva.
             Slain by an unseen horror (7 damage)
             ... on level 7 of the Dungeon.
             The game lasted 00:21:46 (7568 turns).

Zonian the Skirmisher (Demonspawn Gladiator)        Turns: 7568, Time: 00:21:47

Health: -4/71      AC:  5    Str: 15    XL:     9   Next: 39%
Magic:  6/9        EV: 15    Int: 20    God:    Jiyva [****..]
Gold:   350        SH:  0    Dex: 19    Spells: 8/8 levels left

rFire   . . .      SeeInvis .     - Unarmed
rCold   . . .      Faith    .   (no shield)
rNeg    . . .      Spirit   .   b - +0 leather armour
rPois   .          Reflect  .   c - +0 helmet
rElec   .          Harm     .   (no cloak)
rCorr   +          Rampage  .   j - +0 pair of gloves
Will    +....                   (boots unavailable)
Stlth   +++.......              (no amulet)
HPRegen 1.81/turn               z - +6 ring of intelligence
MPRegen 0.51/turn               u - ring of willpower

@: calling ooze, hasted, very quick
A: claws 2, powered by pain 3, big brain 2, hooves 3, agile 1, mutation
resistance 2
a: Renounce Religion, Oozemancy, Slimify


You were on level 7 of the Dungeon.
You worshipped Jiyva.
Jiyva was greatly pleased with you.
You visited 1 branch of the dungeon, and saw 8 of its levels.

You collected 350 gold pieces.

Inventory:

Hand Weapons
 a - a +0 trident
 f - a +4 spear
 g - a +0 dagger of freezing
 i - a +1 vorpal hunting sling
 n - a +0 hunting sling
 p - a +1 whip of freezing
Armour
 b - a +0 leather armour (worn)
 c - a +0 helmet (worn)
 j - a +0 pair of gloves (worn)
Magical Staves
 y - a staff of cold
Jewellery
 s - a ring of protection from fire
 u - a ring of willpower (right hand)
 v - a ring of willpower
 z - a +6 ring of intelligence (left hand)
Wands
 l - a wand of flame (20)
 o - a wand of paralysis (9)
Scrolls
 q - 3 scrolls of amnesia
 x - a scroll of enchant armour {unknown}
Potions
 d - a potion of might {unknown}
 e - 2 potions of flight {unknown}
 h - a potion of heal wounds {unknown}
 k - a potion of invisibility {unknown}


   Skills:
 + Level 6.4 Fighting
 - Level 4.8 Polearms
 - Level 2.0 Throwing
 - Level 2.2 Armour
 + Level 6.1 Dodging
 + Level 5.7 Stealth
 + Level 4.8 Unarmed Combat


You had 8 spell levels left.
You didn't know any spells.
Your spell library was empty.

Dungeon Overview and Level Annotations

Branches:
Dungeon (8/15)             Temple (0/1) D:4            Lair (0/6) D:8

Altars:
Cheibriados
Fedhas
Trog
Uskayaw
Vehumet
Xom
Zin
The Shining One
Jiyva

Annotations:
D:4 1 runed translucent door, Ijyb, Pikel


Innate Abilities, Weirdness & Mutations

You have very sharp fingernails.
You are powered by pain.
You have an extremely huge brain. (Int +4)
You have hooves in place of feet.
You are agile. (Dex +2)
You are somewhat resistant to both further mutation and mutation removal.


Message History

Deactivating autopickup; reactivate with Ctrl-A.
Unknown command.
You completely miss something. You kick something. Something hits you.
Something hits you!
Okay, then.
Okay, then.
You feel yourself speed up. Something hits you. Something hits you!
The komodo dragon bites you but does no damage.
Something closely misses you. Something hits you. x2
You feel yourself speed up. Something hits you!
You see here a vampire mosquito corpse.
Something barely misses you. Something hits you.
Something hits you but does no damage.
You hit something. Your kick misses something. Something hits you.
You miss something. Something hits you. Something hits you but does no damage.
Something hits you!
* * * LOW HITPOINT WARNING * * *
Something hits you.
* * * LOW HITPOINT WARNING * * *
You feel better. Something hits you but does no damage.
Okay, then.
Unknown command.
As you read the scroll labelled PINGIQOHO, it crumbles to dust.
The scroll dissolves into smoke.
It was a scroll of fog.
Something hits you.
You barely miss something. Something closely misses you. Something hits you!
* * * LOW HITPOINT WARNING * * *
Something hits you.
* * * LOW HITPOINT WARNING * * *
Something hits you.
* * * LOW HITPOINT WARNING * * *
Something hits you!
* * * LOW HITPOINT WARNING * * *
Activating: Oozemancy
Press: ? - help, Dir - look around, f - activate Slime begins to ooze from the nearby walls!
The walls burn something!
Something hits you!
You die...

......####[#####..#..#.#....####.
..##### #.##..#..#..#.#.##...###
.## ##)####..#..#..#.##.#...#
..## #).# ####..#..#......#..
...######))# ###...#.##.#...#
...>......)### ###..#.##...###
.....(.....##.# ##.####'....####.
#########..###.##.##.###..####...
#..##.#.@#..#..#####.†###
#..##.§##§#.###'##....#
#..####§#§§#####......#
#..##§§§§####..###....#
#..##§#####....'####..#
#..#§####.#.#.##..####...
#..#l###.#.#.#.# ...# ##.
#..##.l........# ....
#..#####.#.#.#.# ...


There were no monsters in sight!

Vanquished Creatures
  Maggie (D:6)
  A wraith (D:7)
  A basilisk (D:7)
  A vampire mosquito (D:7)
  2 water moccasins (D:7)
  2 sky beasts
  An orc warrior (D:6)
  An ice beast (D:6)
  2 ogres (D:6)
  2 lemures (D:4)
  A phantom (D:5)
  3 wyvern zombies
  A gnoll sergeant (D:7)
  4 scorpions
  2 centaur zombies
  6 hounds
  2 orc priests
  A bullfrog skeleton (D:6)
  An iguana (D:5)
  4 orc wizards
  A hound skeleton (D:4)
  8 gnolls
  A howler monkey zombie (D:7)
  2 howler monkey skeletons
  2 adders
  2 river rats (D:4)
  2 shadow imps
  2 ufetubi
  A worm (D:3)
  A dart slug (D:4)
  12 orcs
  6 ball pythons
  8 endoplasms
  A giant cockroach (D:2)
  7 goblins
  13 hobgoblins
  3 quokkas
  A bat (D:2)
  3 frilled lizards (D:1)
  9 kobolds
  7 rats
131 creatures vanquished.

Vanquished Creatures (others)
  The ghost of frimble the Cutter, a novice TrWr (D:4)
  A troll (D:7)
  A slime creature (D:7)
  Sigmund (D:6)
  Edmund (D:5)
  A water moccasin (D:5)
  2 lemures (D:4)
  A bullfrog zombie (D:6)
  17 jellies
  A bullfrog skeleton (D:6)
  A centaur skeleton (D:6)
  2 iguanas
  4 gnolls
  An adder (D:4)
  An endoplasm (D:4)
  2 orcs
  2 goblins
  18 plants (D:3)
58 creatures vanquished.

Grand Total: 189 creatures vanquished

Notes
Turn   | Place    | Note
-------+----------+-------------------------------------------
     0 | D:1      | Zonian the Demonspawn Gladiator began the quest for the
                  | Orb.
     0 | D:1      | Reached XP level 1. HP: 16/16 MP: 1/1
   147 | D:1      | Gained mutation: You have an unusually large brain. (Int
                  | +2) [demonic ancestry]
   147 | D:1      | Reached XP level 2. HP: 19/22 MP: 2/2
   853 | D:1      | Gained mutation: You have sharp fingernails. [demonic
                  | ancestry]
   853 | D:1      | Reached XP level 3. HP: 28/28 MP: 3/3
  1542 | D:2      | Found a faded altar of an unknown god.
  1547 | D:2      | Prayed at the altar of an unknown god.
  1547 | D:2      | Became a worshipper of Jiyva Joalof the Shapeless
  1547 | D:2      | Reached * piety under Jiyva
  1659 | D:2      | Reached XP level 4. HP: 27/34 MP: 4/4
  2033 | D:3      | Found a snail-covered altar of Cheibriados.
  2033 | D:3      | Found a hide-covered altar of Uskayaw.
  2034 | D:3      | Found a shimmering altar of Xom.
  2069 | D:3      | Reached ** piety under Jiyva
  2157 | D:3      | Found a bloodstained altar of Trog.
  2374 | D:3      | Reached skill level 1 in Armour
  2412 | D:3      | Reached skill level 1 in Stealth
  2482 | D:3      | Noticed a scorpion
  2494 | D:3      | Killed a scorpion
  2495 | D:3      | Gained mutation: You sometimes gain a little power by
                  | taking damage. [demonic ancestry]
  2495 | D:3      | Reached XP level 5. HP: 40/40 MP: 5/5
  2720 | D:4      | Found a runed translucent door.
  2721 | D:4      | Noticed frimble's ghost (novice TrWr)
  2765 | D:4      | Found a runed translucent door.
  3061 | D:4      | Noticed a lemure
  3061 | D:4      | Noticed a lemure
  3110 | D:4      | Killed a lemure
  3247 | D:4      | Gained mutation: You sometimes gain power by taking damage.
                  | [demonic ancestry]
  3247 | D:4      | Reached XP level 6. HP: 41/47 MP: 6/6
  3258 | D:4      | Killed frimble's ghost
  3402 | D:4      | Reached *** piety under Jiyva
  3435 | D:4      | Gained mutation: You are somewhat resistant to further
                  | mutation. [Jiyva's grace]
  3435 | D:4      | Gained mutation: You are somewhat resistant to both further
                  | mutation and mutation removal. [Jiyva's grace]
  3435 | D:4      | Gained mutation: You are almost entirely resistant to
                  | further mutation and mutation removal. [Jiyva's grace]
  3435 | D:4      | Gained mutation: You have very sharp fingernails. [Jiyva's
                  | grace]
  3497 | D:4      | Noticed Pikel
  3804 | D:4      | Found a staircase to the Ecumenical Temple.
  3829 | D:5      | Entered Level 5 of the Dungeon
  3832 | D:5      | Noticed Ijyb
  4423 | D:5      | Reached skill level 1 in Unarmed Combat
  4423 | D:5      | Mutation became permanent: You have sharp fingernails.
                  | [demonic ancestry]
  4423 | D:5      | Gained mutation: You have very sharp fingernails. [demonic
                  | ancestry]
  4423 | D:5      | Reached XP level 7. HP: 40/52 MP: 7/7
  4605 | D:5      | Noticed Edmund
  4927 | D:5      | Reached **** piety under Jiyva
  5279 | D:5      | Found a faded altar of an unknown god.
  5286 | D:5      | Found a faded altar of an unknown god.
  5290 | D:5      | Found a radiant altar of Vehumet.
  5329 | D:5      | Killed Edmund
  5466 | D:6      | Noticed Sigmund
  5639 | D:6      | Found a blossoming altar of Fedhas.
  5783 | D:6      | Noticed Maggie
  5794 | D:6      | Killed Maggie
  5795 | D:6      | Gained mutation: You are powered by pain. [demonic
                  | ancestry]
  5795 | D:6      | Reached XP level 8. HP: 61/61 MP: 8/8
  5913 | D:6      | Lost mutation: You are almost entirely resistant to further
                  | mutation and mutation removal. [Jiyva's grace]
  5913 | D:6      | Gained mutation: You have large cloven feet. [Jiyva's
                  | grace]
  5913 | D:6      | Gained mutation: You have hoof-like feet. [Jiyva's grace]
  5913 | D:6      | Gained mutation: You have hooves in place of feet. [Jiyva's
                  | grace]
  5913 | D:6      | Gained mutation: You are agile. (Dex +2) [Jiyva's grace]
  5937 | D:6      | Reached skill level 5 in Fighting
  5937 | D:6      | Reached skill level 5 in Dodging
  6054 | D:6      | Killed Sigmund
  6250 | D:7      | Killed a troll
  6333 | D:7      | Killed a slime creature
  6814 | D:7      | You fall into a shaft and drop 1 floor!
  7025 | D:8      | Found a staircase to the Lair.
  7105 | D:8      | Reached skill level 5 in Stealth
  7105 | D:8      | Gained mutation: You have an extremely huge brain. (Int +4)
                  | [demonic ancestry]
  7105 | D:8      | Reached XP level 9. HP: 65/69 MP: 9/9
  7538 | D:7      | Noticed a komodo dragon
  7567 | D:7      | HP: 2/71 [something (8)]
  7568 | D:7      | Slain by an unseen horror

Illustrated notes

Levels and vault maps discovered:
D:1:      lightli_arrival_lavapool, layout_basic, minmay_cupped
D:2:      layout_rooms, ebering_ecumenical_altar_box, dk_noncrumbling_4
D:3:      layout_basic, trog_hazing_becter,
          chequers_temple_overflow_statue_of_worship, minmay_misc_feat_x,
          serial_bayou_pond_c, chequers_serial_rivers_room_b,
          grunt_decor_resistance, amcnicky_mini_corridor_feature
D:4:      layout_basic, temple_hall, ebering_ghost_sewer_f,
          kennysheep_generic_room_4, uniq_pikel
D:5:      layout_loops_ring, chequers_temple_overflow_minitemple, uniq_edmund,
          uniq_ijyb
D:6:      layout_cave_pools, amcnicky_altar_gilded, minmay_crystal_water,
          chequers_serial_rivers_micro_c, uniq_maggie, uniq_sigmund
D:7:      minmay_the_grid_triangle_9x9_rhombus_full
          [minmay_the_grid_triangle_9x9_odd_lines,
          minmay_the_grid_triangle_9x9_corruption,
          minmay_the_grid_triangle_9x9_zippers_horizontal,
          minmay_the_grid_triangle_9x9_descending_squares,
          minmay_the_grid_triangle_9x9_intruding_spiral,
          minmay_the_grid_triangle_9x9_empty,
          minmay_the_grid_triangle_9x9_zippers_vertical,
          minmay_the_grid_triangle_9x9_prize_schism], layout_layer_cave,
          gammafunk_temple_overflow_elements
D:8:      layout_loops_ring, lair_entry_dummy

Skill      XL: |  1  2  3  4  5  6  7  8  9 |
---------------+----------------------------+-----
Polearms       | 3 4 |  4.8
Dodging        | 3 4 5 6 |  6.1
Armour         | 1 2 |  2.2
Stealth        | 1 2 3 5 |  5.7
Throwing       | 2 |  2.0
Fighting       | 3 4 5 6 |  6.4
Unarmed Combat | 1 2 4 |  4.8

Action                   |  1- 3 |  4- 6 |  7- 9 || total
-------------------------+-------+-------+-------++-------
Melee: Spear             |   131 |   282 |   240 ||   653
       Trident           |     6 |       |       ||     6
       Unarmed           |       |     1 |    74 ||    75
       Punch             |       |       |     5 ||     5
       Kick              |       |       |    58 ||    58
Throw: Throwing net      |       |     6 |     1 ||     7
       Javelin           |       |     2 |     2 ||     4
Invok: Oozemancy         |       |       |     3 ||     3
Evoke: Wand              |       |     2 |       ||     2
  Use: Scroll            |       |     6 |     2 ||     8
       Potion            |       |     1 |     2 ||     3
 Stab: Sleeping          |     2 |     2 |     5 ||     9
       Distracted        |       |     3 |       ||     3
       Held in net/web   |       |     1 |       ||     1
Armor: Leather armour    |    25 |    45 |    54 ||   124
Dodge: Dodged            |    53 |   138 |   197 ||   388

Table legend: (Time is in decaauts)
 A = Elapsed time spent in this place.
 B = Non-inter-level travel time spent in this place.
 C = Inter-level travel time spent in this place.
 D = Time resting spent in this place.
 E = Time spent auto-exploring this place.
 F = Levels seen in this place.
 G = Mean time per level.
                   A        B        C        D        E       F      G
               +--------+--------+--------+--------+--------+-----+--------+
         Total |   7511 |   7010 |    501 |   1536 |   3359 |   8 |  938.9 |
       Dungeon |   7511 |   7010 |    501 |   1536 |   3359 |   8 |  938.9 |
               +--------+--------+--------+--------+--------+-----+--------+

Top non-repeatable levels by time:
     D:3: 1455 daAuts
     D:4: 1252 daAuts
     D:1: 1129 daAuts
     D:5: 1125 daAuts
     D:6: 860 daAuts
     D:7: 700 daAuts
     D:2: 687 daAuts
     D:8: 299 daAuts
